 Dungeon Crawl Stone Soup version 0.29-a0-555-g3b24f45cc1 (webtiles) character file.

Game seed: 1653851166666972857

225 vulpzor the Cudgeller (level 5, -3/43 (47) HPs)
             Began as a Minotaur Berserker on June 8, 2022.
             Was a Believer of Trog.
             Slain by a wight
             ... wielding a +2 trident
              (6 damage)
             ... on level 6 of the Dungeon.
             The game lasted 00:05:35 (2468 turns).

vulpzor the Cudgeller (Minotaur Berserker)          Turns: 2468, Time: 00:05:36

HP:   -3/43 (47)    AC: 11    Str: 22    XL:     5   Next: 68%
MP:   4/4           EV:  7    Int:  4    God:    Trog [**....]
Gold: 102           SH:  0    Dex: 11    Spells: 4/4 levels left

rFire   . . .      SeeInvis .   a - +0 mace
rCold   . . .      Faith    .   (no shield)
rNeg    . . .      Spirit   .   g - +0 plate armour
rPois   .          Reflect  .   (helmet restricted)
rElec   .          Harm     .   (no cloak)
rCorr   .          Rampage  .   (no gloves)
Will    .....                   (no boots)
Stlth   ..........              (no amulet)
HPRegen 0.14/turn               (no ring)
MPRegen 0.09/turn               (no ring)

@: drained
A: horns 2, retaliatory headbutt
a: Renounce Religion, Berserk, Trog's Hand


You were on level 6 of the Dungeon.
You worshipped Trog.
Trog was pleased with you.
You visited 1 branch of the dungeon, and saw 4 of its levels.

You collected 102 gold pieces.

Inventory:

Hand Weapons
 a - a +0 mace (weapon)
Armour
 b - a +0 animal skin
 c - a +0 leather armour
 g - a +0 plate armour (worn)
Scrolls
 d - a scroll of blinking {unknown}
 h - a scroll of poison {unknown}
 j - a scroll of vulnerability {unknown}
Potions
 e - a potion of haste {unknown}
 f - a potion of magic {unknown}
 i - a potion of berserk rage {unknown}
 k - a potion of heal wounds {unknown}


   Skills:
 + Level 4.9 Fighting
 + Level 6.0 Maces & Flails
 + Level 3.4 Armour
 + Level 3.0 Dodging
 + Level 0.3 Stealth


You had 4 spell levels left.
You didn't know any spells.
Your spell library was empty.

Dungeon Overview and Level Annotations

Branches:
Dungeon (3/15)

Altars:


Innate Abilities, Weirdness & Mutations

You have a pair of horns on your head.
You reflexively headbutt those who attack you in melee.


Message History

You barely miss the howler monkey.
The howler monkey is severely wounded.
The howler monkey closely misses you. You furiously retaliate!
You headbutt the howler monkey.
You hit the howler monkey but do no damage.
Your headbutt misses the howler monkey.
The howler monkey is almost dead.
The howler monkey hits you but does no damage.
The howler monkey completely misses you.
You hit the howler monkey.
You kill the howler monkey!
Trog accepts your kill.
Your Maces & Flails skill increases to level 6!
Your Dodging skill increases to level 3!
Found a robe.
Found a stone staircase leading up.
A wight comes into view. It is wielding a +0 falchion.
The wight moves out of view. 4 wights come into view.
The wight moves out of view.
You hit the wight.
The wight is moderately damaged.
The wight hits you but does no damage. x2
The wight hits you with a +0 great sword!!
You feel drained. The wight attacks as you move away!
The wight hits you but does no damage. The wight hits you with a +0 falchion.
The wight hits you from afar with a +2 trident!
* * * LOW HITPOINT WARNING * * *
The wight hits you but does no damage.
There is a stone staircase leading up, spattered with blood here.
The wight hits you with a +5 hand axe.
* * * LOW HITPOINT WARNING * * *
You feel drained.
* * * LOW HITPOINT WARNING * * *
The wight barely misses you. The wight hits you with a +0 falchion.
* * * LOW HITPOINT WARNING * * *
You feel drained.
The wight hits you from afar with a +2 trident.
You die...

#.##...#..#.#
#.#.......#.##
#............# . ##
#.......#..####.
#.###..............
#.#.#.##..#..#....
##............#.##[
#.zz##.###.##.#.##.
#.@z##.# #.##.#.##.
#...z....# #.##.#.##.
#....z.......##.#.##.
#...............#.##.
###...##.##. #.##.
#...##.##...###.##.
#.### # #........ #.
.....#####. #.#. #.


You could see 5 wights.

Vanquished Creatures
  A phantom (D:6)
  A necrophage (D:6)
  A howler monkey (D:6)
  An adder (D:6)
  3 dart slugs (D:2)
  2 bats (D:1)
  2 endoplasms (D:1)
  3 giant cockroaches
  A goblin (D:2)
  2 hobgoblins
  6 jackals
  2 quokkas
  2 ball pythons (D:1)
  A frilled lizard (D:1)
  2 kobolds
  4 rats
34 creatures vanquished.

Notes
Turn   | Place    | Note
-------+----------+-------------------------------------------
     0 | D:1      | vulpzor the Minotaur Berserker began the quest for the Orb.
     0 | D:1      | Reached XP level 1. HP: 19/19 MP: 0/0
   530 | D:1      | Reached skill level 4 in Maces & Flails
   530 | D:1      | Reached XP level 2. HP: 7/27 MP: 1/1
  1372 | D:1      | Found a faded altar of an unknown god.
  1697 | D:2      | Reached XP level 3. HP: 33/33 MP: 2/2
  2336 | D:3      | You fall into a shaft and drop 3 floors!
  2381 | D:6      | Noticed a phantom
  2386 | D:6      | Noticed a necrophage
  2392 | D:6      | Killed a phantom
  2393 | D:6      | Reached skill level 5 in Maces & Flails
  2393 | D:6      | Reached XP level 4. HP: 31/41 MP: 3/3
  2399 | D:6      | Killed a necrophage
  2399 | D:6      | Reached ** piety under Trog
  2400 | D:6      | Reached XP level 5. HP: 35/47 MP: 4/4
  2441 | D:6      | Reached skill level 6 in Maces & Flails
  2468 | D:6      | Slain by a wight

Illustrated notes

Levels and vault maps discovered:
D:1:      nzn_arrival_depleted_hourglass, layout_loops_corners,
          shapermc_ecumenical_altar_mp_vishouse
D:2:      layout_loops_corners
D:3:      layout_basic
D:6:      layout_loops_ring, minmay_temple_entry_offerings,
          minmay_misc_feat_cross, st_stairs_12, uniq_prince_ribbit1

Skill      XL: |  1  2  3  4  5 |
---------------+----------------+-----
Maces & Flails | 4 5 6 |  6.0
Fighting       | 4 |  4.9
Armour         | 3 |  3.4
Dodging        | 3 |  3.0
Stealth        | |  0.3

Action                   |  1- 3 |  4- 6 || total
-------------------------+-------+-------++-------
Melee: Mace              |    80 |    12 ||    92
       Headbutt          |    10 |     4 ||    14
Armor: Animal skin       |     5 |       ||     5
       Leather armour    |    16 |       ||    16
       Plate armour      |     5 |     8 ||    13
Dodge: Dodged            |    44 |     7 ||    51

Table legend: (Time is in decaauts)
 A = Elapsed time spent in this place.
 B = Non-inter-level travel time spent in this place.
 C = Inter-level travel time spent in this place.
 D = Time resting spent in this place.
 E = Time spent auto-exploring this place.
 F = Levels seen in this place.
 G = Mean time per level.
                   A        B        C        D        E       F      G
               +--------+--------+--------+--------+--------+-----+--------+
         Total |   2484 |   2484 |      0 |    260 |   1796 |   4 |  621.0 |
       Dungeon |   2484 |   2484 |      0 |    260 |   1796 |   4 |  621.0 |
               +--------+--------+--------+--------+--------+-----+--------+

Top non-repeatable levels by time:
     D:1: 1460 daAuts
     D:2: 886 daAuts
     D:6: 135 daAuts
     D:3: 2 daAuts
